General information
- name: BNet
- type: Ladder team game (AT/RT)
- host: Battle.net
- saver: MsClausPlusNine
map: SilverpineForest
- players: 6
- length: 25:36
- speed: Fast
- version: 1.26 W3XP
- replay type:

» download(193 KB)
Players
team 1 (loser)

»
Gengis_khan (
orange | 49 APM | 1257 actions | 25:24)
3 Mountain King
2 Storm Bolt
1 Bash
2 Archmage
1 Brilliance Aura
1 Summon Water Elemental
» actions
| Assign group hotkey | 32 | |
| Build / train | 51 | |
| Enter build submenu | 16 | |
| Enter hero's abilities submenu | 5 | |
| Right click | 485 | |
| Select / deselect | 208 | |
| Select group hotkey | 413 | |
| Use ability | 47 | |
1257 total
» units
| Peasant | 8 | |
| Footman | 4 | |
| Rifleman | 4 | |
| Mortar Team | 17 | |
33 total
» upgrades
| Gunpowder | 2 | |
| Fragmentation Shards | 1 | |
3 total
» buildings
| Altar of Kings | 1 | |
| Farm | 10 | |
| Barracks | 1 | |
| Lumber Mill | 1 | |
| Scout Tower | 2 | |
| Arcane Tower | 2 | |
| Blacksmith | 1 | |
| Arcane Vault | 1 | |
| Keep | 1 | |
| Workshop | 2 | |
| Castle | 1 | |
23 total
» build order
00:09 Altar of Kings
00:17 Farm
00:44 Barracks
00:53 Farm
01:29 Lumber Mill
01:42 Scout Tower
01:50 Scout Tower
02:14 Arcane Tower
02:32 Farm
02:34 Farm
03:06 Arcane Tower
03:33 Blacksmith
03:48 Farm
04:32 Arcane Vault
04:48 Keep
06:06 Farm
06:08 Farm
06:09 Farm
06:10 Farm
07:19 Workshop
08:28 Workshop
10:09 Farm
12:36 Castle
» items
| Scroll of Regeneration | 3 | |
| Potion of Lesser Invulnerability | 1 | |
4 total

»
norris87 (
green | 44 APM | 1115 actions | 25:28)
4 Lich
2 Frost Nova
2 Dark Ritual
2 Death Knight
1 Death Coil
1 Unholy Aura
» actions
| Assign group hotkey | 41 | |
| Build / train | 57 | |
| Enter build submenu | 14 | |
| Enter hero's abilities submenu | 6 | |
| Give item / drop item | 1 | |
| Right click | 627 | |
| Select / deselect | 203 | |
| Select group hotkey | 98 | |
| Use ability | 68 | |
1115 total
» units
| Acolyte | 4 | |
| Ghoul | 9 | |
| Crypt Fiend | 23 | |
| Frost Wyrm | 5 | |
41 total
» upgrades
» buildings
| Ziggurat | 8 | |
| Altar of Darkness | 1 | |
| Crypt | 2 | |
| Nerubian Tower | 2 | |
| Graveyard | 1 | |
| Spirit Tower | 2 | |
| Halls of the Dead | 1 | |
| Tomb of Relics | 1 | |
| Black Citadel | 1 | |
| Sacrificial Pit | 1 | |
| Boneyard | 2 | |
22 total
» build order
00:30 Ziggurat
00:33 Altar of Darkness
00:37 Crypt
00:57 Ziggurat
01:22 Nerubian Tower
02:30 Graveyard
02:41 Ziggurat
03:42 Nerubian Tower
04:03 Spirit Tower
05:18 Halls of the Dead
05:26 Tomb of Relics
05:51 Ziggurat
07:04 Spirit Tower
07:51 Black Citadel
09:40 Sacrificial Pit
10:16 Ziggurat
10:17 Ziggurat
12:03 Boneyard
12:04 Boneyard
12:40 Ziggurat
12:42 Ziggurat
25:15 Crypt

»
Pepo_sombrero (
blue | 40 APM | 1019 actions | 25:34)
4 Archmage
2 Blizzard
2 Summon Water Elemental
2 Paladin
1 Holy Light
1 Divine Shield
» actions
| Assign group hotkey | 23 | |
| Build / train | 54 | |
| Enter build submenu | 26 | |
| Enter hero's abilities submenu | 6 | |
| Remove unit from queue | 2 | |
| Right click | 442 | |
| Select / deselect | 308 | |
| Select group hotkey | 117 | |
| Use ability | 41 | |
1019 total
» units
| Peasant | 18 | |
| Footman | 7 | |
| Rifleman | 6 | |
| Mortar Team | 10 | |
41 total
» upgrades
» buildings
| Altar of Kings | 1 | |
| Farm | 11 | |
| Barracks | 2 | |
| Scout Tower | 2 | |
| Blacksmith | 1 | |
| Arcane Tower | 1 | |
| Keep | 1 | |
| Lumber Mill | 1 | |
| Arcane Vault | 1 | |
| Workshop | 2 | |
| Town Hall | 1 | |
24 total
» build order
00:06 Altar of Kings
00:10 Farm
00:21 Barracks
01:17 Farm
01:40 Scout Tower
02:01 Scout Tower
02:19 Blacksmith
03:18 Arcane Tower
03:55 Keep
04:00 Lumber Mill
04:21 Barracks
04:54 Farm
04:59 Farm
06:07 Farm
07:20 Farm
07:25 Arcane Vault
09:29 Workshop
09:35 Workshop
11:24 Farm
11:55 Farm
12:17 Farm
12:40 Farm
13:04 Farm
15:16 Town Hall
» items
| Potion of Lesser Invulnerability | 1 | |
1 total
team 2 (winner)
JesusIsMyWigman (
teal | 142 APM | 3640 actions | 25:35)
4 Archmage
2 Blizzard
2 Brilliance Aura
4 Mountain King
2 Storm Bolt
2 Bash
3 Paladin
2 Holy Light
1 Divine Shield
» actions
| Assign group hotkey | 499 | |
| Basic commands | 16 | |
| Build / train | 107 | |
| Enter build submenu | 75 | |
| Enter hero's abilities submenu | 11 | |
| Give item / drop item | 8 | |
| Right click | 1695 | |
| Select / deselect | 278 | |
| Select group hotkey | 712 | |
| Use ability | 239 | |
3640 total
» units
» upgrades
| Masonry | 3 | |
| Lumber Harvesting | 2 | |
| Magic Sentry | 1 | |
6 total
» buildings
| Altar of Kings | 1 | |
| Farm | 3 | |
| Lumber Mill | 1 | |
| Scout Tower | 89 | |
| Arcane Tower | 7 | |
| Guard Tower | 39 | |
| Arcane Vault | 4 | |
| Town Hall | 1 | |
| Keep | 1 | |
| Castle | 1 | |
| Arcane Sanctum | 1 | |
148 total
» build order
00:04 Altar of Kings
00:19 Farm
00:49 Lumber Mill
00:53 Farm
01:16 Farm
01:20 Scout Tower
01:33 Scout Tower
01:34 Scout Tower
01:52 Arcane Tower
01:53 Scout Tower
02:06 Arcane Tower
02:13 Scout Tower
02:15 Scout Tower
02:22 Guard Tower
02:33 Guard Tower
03:17 Scout Tower
03:18 Guard Tower
03:20 Scout Tower
03:21 Scout Tower
03:22 Scout Tower
03:51 Guard Tower
04:05 Scout Tower
04:10 Scout Tower
04:10 Scout Tower
04:11 Scout Tower
04:12 Scout Tower
04:20 Guard Tower
04:21 Scout Tower
04:22 Scout Tower
04:39 Guard Tower
04:41 Scout Tower
04:44 Guard Tower
04:46 Scout Tower
05:10 Guard Tower
05:19 Guard Tower
05:27 Arcane Vault
05:40 Guard Tower
05:49 Scout Tower
05:50 Scout Tower
06:29 Town Hall
06:32 Guard Tower
06:33 Scout Tower
06:37 Scout Tower
06:38 Scout Tower
06:40 Scout Tower
06:41 Scout Tower
06:43 Guard Tower
06:46 Scout Tower
06:47 Scout Tower
06:47 Scout Tower
06:48 Scout Tower
06:53 Guard Tower
06:55 Scout Tower
06:56 Scout Tower
07:06 Arcane Tower
07:20 Guard Tower
07:22 Scout Tower
07:25 Guard Tower
07:27 Scout Tower
07:33 Arcane Tower
07:33 Arcane Tower
07:42 Guard Tower
07:42 Guard Tower
07:54 Guard Tower
08:47 Guard Tower
08:51 Keep
08:55 Scout Tower
08:55 Scout Tower
08:57 Guard Tower
08:59 Scout Tower
09:00 Scout Tower
09:03 Scout Tower
09:03 Scout Tower
09:10 Scout Tower
09:11 Scout Tower
09:16 Scout Tower
09:18 Scout Tower
09:19 Scout Tower
09:31 Scout Tower
09:32 Scout Tower
09:52 Guard Tower
09:54 Arcane Tower
10:33 Guard Tower
10:34 Scout Tower
10:35 Scout Tower
10:38 Scout Tower
10:39 Scout Tower
10:40 Scout Tower
10:49 Guard Tower
10:51 Guard Tower
10:54 Scout Tower
10:55 Scout Tower
10:56 Scout Tower
10:58 Scout Tower
10:59 Scout Tower
11:00 Scout Tower
11:01 Scout Tower
11:02 Scout Tower
11:02 Scout Tower
11:18 Guard Tower
11:21 Guard Tower
11:22 Castle
11:25 Arcane Vault
11:28 Arcane Sanctum
11:32 Guard Tower
11:34 Scout Tower
11:34 Scout Tower
11:49 Guard Tower
11:55 Guard Tower
11:56 Scout Tower
12:17 Guard Tower
12:19 Scout Tower
12:25 Guard Tower
12:27 Scout Tower
12:28 Scout Tower
12:32 Scout Tower
12:33 Scout Tower
12:36 Scout Tower
12:36 Scout Tower
12:37 Scout Tower
12:38 Guard Tower
12:50 Guard Tower
13:05 Scout Tower
13:28 Arcane Tower
14:01 Guard Tower
14:24 Scout Tower
14:25 Scout Tower
14:26 Scout Tower
14:28 Scout Tower
14:28 Scout Tower
14:45 Guard Tower
15:11 Guard Tower
15:14 Scout Tower
16:27 Arcane Vault
16:27 Scout Tower
16:32 Scout Tower
16:34 Scout Tower
16:45 Guard Tower
19:17 Scout Tower
19:40 Guard Tower
19:44 Scout Tower
19:44 Scout Tower
19:45 Scout Tower
19:45 Scout Tower
19:46 Scout Tower
19:47 Scout Tower
19:51 Arcane Vault
23:14 Guard Tower
» items
| Healing Salve | 6 | |
| Orb of Lightning | 3 | |
| Boots of Speed | 3 | |
| Staff of Teleportation | 3 | |
| Staff of Sanctuary | 1 | |
| Lesser Clarity Potion | 3 | |
| Potion of Mana | 2 | |
21 total
MerryChristando (
yellow | 134 APM | 3438 actions | 25:35)
6 Blademaster
2 Wind Walk
3 Critical Strike
1 Bladestorm
» actions
| Assign group hotkey | 225 | |
| Basic commands | 16 | |
| Build / train | 77 | |
| ESC pressed | 2 | |
| Enter build submenu | 71 | |
| Enter hero's abilities submenu | 6 | |
| Give item / drop item | 7 | |
| Right click | 1969 | |
| Select / deselect | 370 | |
| Select group hotkey | 456 | |
| Use ability | 236 | |
3438 total
» units
» upgrades
| Liquid Fire | 1 | |
| Reinforced Defenses | 1 | |
2 total
» buildings
| Altar of Storms | 1 | |
| Orc Burrow | 4 | |
| War Mill | 1 | |
| Voodoo Lounge | 3 | |
| Watch Tower | 55 | |
| Stronghold | 4 | |
| Fortress | 4 | |
| Beastiary | 2 | |
| Great Hall | 1 | |
75 total
» build order
00:04 Altar of Storms
00:07 Orc Burrow
00:21 War Mill
01:19 Voodoo Lounge
01:49 Watch Tower
02:04 Orc Burrow
02:18 Watch Tower
02:19 Watch Tower
02:27 Watch Tower
03:24 Watch Tower
03:28 Watch Tower
03:36 Stronghold
03:36 Stronghold
03:37 Stronghold
04:16 Watch Tower
04:17 Watch Tower
04:21 Watch Tower
04:22 Watch Tower
04:23 Watch Tower
04:32 Watch Tower
04:58 Voodoo Lounge
05:01 Voodoo Lounge
05:22 Watch Tower
05:23 Watch Tower
06:03 Fortress
06:03 Fortress
06:03 Fortress
06:29 Beastiary
06:30 Beastiary
06:38 Watch Tower
06:45 Watch Tower
08:19 Watch Tower
08:20 Watch Tower
08:20 Watch Tower
08:23 Watch Tower
08:24 Watch Tower
08:24 Watch Tower
08:56 Orc Burrow
09:30 Watch Tower
09:31 Watch Tower
10:51 Great Hall
11:02 Watch Tower
11:14 Watch Tower
11:21 Watch Tower
12:10 Watch Tower
12:14 Watch Tower
12:37 Watch Tower
12:37 Watch Tower
15:01 Watch Tower
15:02 Watch Tower
15:04 Watch Tower
15:05 Watch Tower
15:06 Watch Tower
15:06 Watch Tower
15:09 Watch Tower
15:09 Watch Tower
15:10 Watch Tower
15:11 Watch Tower
15:12 Watch Tower
17:53 Watch Tower
17:53 Watch Tower
17:54 Watch Tower
17:55 Watch Tower
17:58 Watch Tower
18:00 Watch Tower
21:00 Watch Tower
21:00 Watch Tower
21:01 Watch Tower
21:02 Watch Tower
23:38 Orc Burrow
23:43 Watch Tower
23:45 Watch Tower
23:46 Watch Tower
» items
| Healing Salve | 5 | |
| Lesser Clarity Potion | 5 | |
| Boots of Speed | 1 | |
| Staff of Teleportation | 1 | |
| Orb of Lightning | 1 | |
| Potion of Mana | 2 | |
| Potion of Healing | 2 | |
| Scroll of Town Portal | 1 | |
18 total
MsClausPlusNine (
pink | 143 APM | 3664 actions | 25:36)
4 Warden
2 Shadow Strike
2 Blink
3 Pandaren Brewmaster
2 Breath of Fire
1 Drunken Haze
3 Keeper of the Grove
2 Entangling Roots
1 Thorns Aura
» actions
| Assign group hotkey | 25 | |
| Build / train | 81 | |
| Enter build submenu | 14 | |
| Enter hero's abilities submenu | 11 | |
| Give item / drop item | 9 | |
| Right click | 2544 | |
| Select / deselect | 437 | |
| Select group hotkey | 418 | |
| Use ability | 121 | |
3664 total
» units
» upgrades
| Ultravision | 1 | |
| Strength of the Wild | 3 | |
| Nature's Blessing | 1 | |
| Well Spring | 1 | |
| Reinforced Hides | 1 | |
7 total
» buildings
| Altar of Elders | 1 | |
| Moon Well | 3 | |
| Hunter's Hall | 1 | |
| Ancient Protector | 1 | |
| Tree of Ages | 3 | |
| Tree of Eternity | 1 | |
| Tree of Life | 1 | |
| Ancient of Wind | 2 | |
| Chimaera Roost | 1 | |
14 total
» build order
00:08 Altar of Elders
00:19 Moon Well
01:12 Moon Well
03:28 Hunter's Hall
03:51 Moon Well
04:38 Ancient Protector
05:52 Tree of Ages
05:52 Tree of Ages
09:37 Tree of Eternity
09:41 Tree of Life
10:46 Ancient of Wind
10:47 Ancient of Wind
12:00 Chimaera Roost
» items
| Staff of Teleportation | 3 | |
| Boots of Speed | 6 | |
| Healing Salve | 3 | |
| Orb of Lightning | 2 | |
| Lesser Clarity Potion | 5 | |
| Staff of Sanctuary | 1 | |
20 total
Chat log
(00:16 / All) MsClausPlusNine: hi all
(00:24 / All) MsClausPlusNine: what country you from??
(00:33 / All) MsClausPlusNine: "and what holiday did you choose this year"
(00:35 / All) Gengis_khan: morocco
(00:48 / All) MsClausPlusNine: ah, morocco, shake shake shake